 Dungeon Crawl Stone Soup version 0.32-a0-933-ga8fa3634e4 (webtiles) character file.

Game seed: 328069171575564193

71 ezpacito the Trooper (level 4, -6/35 HPs)
             Began as a Coglin Chaos Knight on Apr 14, 2024.
             Was a Plaything of Xom.
             Mangled by Crazy Yiuf
             ... wielding a +2 quarterstaff of chaos
              (15 damage)
             ... on level 2 of the Dungeon.
             The game lasted 00:03:17 (2212 turns).

ezpacito the Trooper (Coglin Chaos Knight)          Turns: 2212, Time: 00:03:18

Health: -6/35      AC:  7    Str: 14    XL:     4   Next: 24%
Magic:  5/5        EV: 10    Int: 11    God:    Xom [..*...]
Gold:   126        SH:  0    Dex: 14    Spells: 4/4 levels left

rFire   . . .        a - +0 hand axe (chaos) {Gnaeus}
rCold   . . .        k - +3 spear (venom) {Amenemopet}
rNeg    . . .        b - +2 leather armour
rPois   .            d - +0 helmet
rElec   .            (no cloak)
rCorr   .            g - +0 pair of gloves
SInv    .            (no boots)
Will    .....        (amulet unavailable)
Stlth   +            (ring unavailable)
HPRegen 0.25/turn    (ring unavailable)
MPRegen 0.09/turn    (no gizmo)

%: no passive effects
@: revving
A: off-hand wielding, slow wielding, warmup strikes, no jewellery
a: Invent Gizmo, Renounce Religion


You were on level 2 of the Dungeon.
You worshipped Xom.
You were a toy of Xom.
You visited 1 branch of the dungeon, and saw 2 of its levels.

You collected 126 gold pieces.

Inventory:

Hand Weapons
 a - a +0 hand axe of chaos (weapon) {Gnaeus}
 j - a +0 war axe
 k - a +3 spear of venom (offhand) {Amenemopet}
Missiles
 q - 4 poisoned darts (quivered)
Armour
 b - a +2 leather armour (worn)
 d - a +0 helmet (worn)
 g - a +0 pair of gloves (worn)
Scrolls
 c - a scroll of butterflies
 e - 2 scrolls of identify {unknown}
 f - a scroll of noise {unknown}
 h - a scroll of revelation {unknown}
 l - a scroll of brand weapon {unknown}
 n - a scroll of immolation {unknown}
 o - a scroll of vulnerability {unknown}
 p - a scroll of teleportation {unknown}
Potions
 i - a potion of heal wounds {unknown}
 m - a potion of curing {unknown}
 r - a potion of haste {unknown}
 s - a potion of magic {unknown}


   Skills:
 * Level 3.5 Fighting
 * Level 3.4(3.5) Axes
 * Level 1.0(2.2) Polearms
 * Level 2.0 Armour
 * Level 1.4 Dodging
 + Level 0.5 Stealth
 + Level 0.8 Spellcasting


You had 4 spell levels left.
You didn't know any spells.
Your spell library was empty.

Dungeon Overview and Level Annotations

Branches:
Dungeon (2/15)

Altars:

Annotations:
D:2 Crazy Yiuf


Innate Abilities, Weirdness & Mutations

You can wield a second weapon in your off-hand.
It takes a long time for you to wield or remove held weapons.
Your first few attacks do less damage.
You cannot equip rings or amulets.


Message History

The bat is severely wounded.
You hit the bat with your +3 spear of venom.
You kill the bat!
No target in view!
No target in view!
No target in view!
No target in view!
You see here a bat corpse.
There is an open door here.
You open the door.
There is an open door here.
There is an open door here.
Xom grants you insight.
You detect nothing.
Found a runed translucent door.
No target in view!
No target in view!
Could not explore, unopened runed door.
Search for what [Enter for "alt", or ? for help]? :2 You open the door.
You hit Crazy Yiuf with your +0 hand axe of chaos.
Crazy Yiuf is lightly wounded.
You closely miss Crazy Yiuf with your +3 spear of venom.
Crazy Yiuf hits you with a +2 quarterstaff of chaos!
Crazy Yiuf burns you.
You take 13 damage, and have 22/35 hp.
MASSIVE DAMAGE!!
You hit Crazy Yiuf but do no damage.
Crazy Yiuf is lightly wounded.
You hit Crazy Yiuf with your +0 hand axe of chaos.
Crazy Yiuf seems to grow stronger.
Crazy Yiuf hits you with a +2 quarterstaff of chaos!
Crazy Yiuf freezes you.
* * * LOW HITPOINT WARNING * * *
You take 13 damage, and have 9/35 hp.
MASSIVE DAMAGE!!
You closely miss Crazy Yiuf with your +3 spear of venom.
Crazy Yiuf is lightly wounded.
You closely miss Crazy Yiuf with your +0 hand axe of chaos.
Crazy Yiuf hits you with a +2 quarterstaff of chaos!
You die...
Xom giggles madly!

#.##..#####.#.##
#.##..# #.#.#.
#.##..# #.#.#.
###########.#.#.
#...#.#.#. ########
#.....#.#.
##....#.### ###
#...###.#.
##......#..##..÷#
#...###.#.
#......####@g...#
#...'.#.#. #.....##
###..)# #...#.#.#.
#.##### ###
#####.#.#. #.##
###'#'#' #..#
#.......
##.#############
#.......
#.............#
#.......
#######.......#
#.......
#.......######÷......


You could see Crazy Yiuf (strong).

Vanquished Creatures
  Robin (D:2)
  An adder (D:2)
  2 ball pythons (D:1)
  2 endoplasms (D:2)
  2 giant cockroaches
  7 goblins
  5 hobgoblins
  3 jackals (D:1)
  3 quokkas (D:1)
  6 bats
  2 frilled lizards
  6 kobolds
  9 rats
49 creatures vanquished.

Notes
Turn   | Place    | Note
-------+----------+-------------------------------------------
     0 | D:1      | ezpacito the Coglin Chaos Knight began the quest for the
                  | Orb.
     0 | D:1      | Reached XP level 1. HP: 18/18 MP: 1/1
    45 | D:1      | Reached skill level 1 in Dodging
    78 | D:1      | XOM: silly message
   105 | D:1      | XOM: silly message
   116 | D:1      | Reached XP level 2. HP: 17/24 MP: 2/2
   196 | D:1      | XOM: silly message
   288 | D:1      | XOM: divination: detect creatures
   830 | D:1      | Reached XP level 3. HP: 29/29 MP: 3/3
   955 | D:1      | XOM: silly message
  1108 | D:2      | Noticed Robin
  1122 | D:2      | Killed Robin
  1337 | D:2      | Reached XP level 4. HP: 35/35 MP: 5/5
  1579 | D:2      | XOM: silly message
  1608 | D:2      | Found a faded altar of an unknown god.
  1716 | D:2      | Reached skill level 1 in Polearms
  1752 | D:2      | XOM: silly message
  2009 | D:2      | XOM: divination: magic mapping
  2169 | D:2      | XOM: divination: detect creatures
  2205 | D:2      | Found a runed translucent door.
  2206 | D:2      | Noticed Crazy Yiuf
  2212 | D:2      | Mangled by Crazy Yiuf

Illustrated notes

Levels and vault maps discovered:
D:1:      erik_arrival_triangle_small, layout_basic
D:2:      layout_basic, dreamdust_ecumenical_altar_grove,
          uniq_crazy_yiuf_cottage, uniq_robin

Skill      XL: |  1  2  3  4 |
---------------+-------------+-----
Dodging        | 1 |  1.4
Armour         | 2 |  2.0
Polearms       | 1 |  1.0
Fighting       | |  3.5
Axes           | |  3.4
Stealth        | |  0.5
Spellcasting   | |  0.8

Action                     |  1- 3 |  4- 6 || total
---------------------------+-------+-------++-------
  Melee: Hand axe          |    76 |    12 ||    88
         Dagger            |    44 |       ||    44
         Short sword       |    29 |       ||    29
         Spear             |     5 |    14 ||    19
    Use: Potion            |     1 |       ||     1
 Armour: Leather armour    |    52 |     9 ||    61
  Dodge: Dodged            |    45 |     4 ||    49

Table legend: (Time is in decaauts)
 A = Elapsed time spent in this place.
 B = Non-inter-level travel time spent in this place.
 C = Inter-level travel time spent in this place.
 D = Time resting spent in this place.
 E = Time spent auto-exploring this place.
 F = Levels seen in this place.
 G = Mean time per level.
                   A        B        C        D        E       F      G
               +--------+--------+--------+--------+--------+-----+--------+
         Total |   2225 |   2059 |    166 |     44 |   1720 |   2 | 1112.5 |
       Dungeon |   2225 |   2059 |    166 |     44 |   1720 |   2 | 1112.5 |
               +--------+--------+--------+--------+--------+-----+--------+

Top non-repeatable levels by time:
     D:2: 1118 daAuts
     D:1: 1107 daAuts
